 Dungeon Crawl Stone Soup version 0.32-a0-928-g1cae6b7ea0 (webtiles) character file.

Game seed: 17902518457429458943

186647 Bediveer the Severer (level 17, -2/162 HPs)
             Began as a Mountain Dwarf Fighter on Apr 12, 2024.
             Was an Initiate of Gozag.
             Slain by a merfolk impaler
             ... wielding a +1 trident of venom
              (12 damage)
             ... on level 4 of the Shoals on Apr 13, 2024.
             The game lasted 01:05:47 (37336 turns).

Bediveer the Severer (Mountain Dwarf Fighter)      Turns: 37336, Time: 01:05:48

Health: -2/162     AC: 22    Str: 25    XL:     17   Next: 85%
Magic:  17/17      EV: 20    Int: 13    God:    Gozag
Gold:   382        SH: 12    Dex: 17    Spells: 16/16 levels left

rFire   + + .        X - +1 broad axe of Experimentation {flame, rC+ SInv Stlth+}
rCold   + + +        c - +0 buckler
rNeg    + . .        n - +4 chain mail {rPois}
rPois   +            d - -2 hat of the Alchemist {rElec rPois rF+ rC+ rN+ Will+ rMut rCorr}
rElec   +            W - +0 cloak
rCorr   +            q - +0 pair of gloves
SInv    +            i - +2 pair of boots of Bysm {Fly Int+2}
Will    ++...        Q - amulet of reflection Stlth
                     O - +5 ring of evasion
HPRegen 0.47/turn    I - ring of Ruobleru {rElec Str+2 Dex+6}
MPRegen 0.15/turn

%: reflection, resist mutation
@: mighty, about to teleport, resistant, gold aura, flying, glowing, invisible
(but backlit and visible)
A: runic magic, artefact enchanting, screaming 1
a: Renounce Religion, Potion Petition, Call Merchant, Bribe Branch


You were on level 4 of the Shoals.
You worshipped Gozag.
Gozag was aware of your devotion.
You visited 7 branches of the dungeon, and saw 31 of its levels.
You visited 1 bazaar.
You also visited: Ossuary.

You collected 9206 gold pieces.
You spent 3033 gold pieces at shops.
You paid 5791 gold pieces to Gozag.

Inventory:

Hand Weapons
 X - the +1 broad axe of Experimentation (weapon) {flame, rC+ SInv Stlth+}
   (You acquired it on level 14 of the Dungeon)

   rC+:       It protects you from cold.
   SInv:      It lets you see invisible.
   Stlth+:    It makes you more stealthy.
Missiles
 m - 44 boomerangs
 s - 38 poisoned darts (quivered)
 t - 7 curare-tipped darts
 C - 12 javelins
 V - 3 throwing nets
Armour
 c - a +0 buckler (worn)
 d - the -2 hat of the Alchemist (worn) {rElec rPois rF+ rC+ rN+ Will+ rMut rCorr}
   (You acquired it on level 3 of the Shoals)

   rF+:       It protects you from fire.
   rC+:       It protects you from cold.
   rElec:     It insulates you from electricity.
   rPois:     It protects you from poison.
   rN+:       It protects you from negative energy.
   Will+:     It increases your willpower.
   rCorr:     It protects you from acid and corrosion.
   rMut:      It protects you from mutation.
 i - the +2 pair of boots of Bysm (worn) {Fly Int+2}
   (You found it on level 2 of the Elven Halls)

   Int+2:     It affects your intelligence (+2).
   Fly:       It grants you flight.
 n - a +4 chain mail of poison resistance (worn)
 q - a +0 pair of gloves (worn)
 W - a +0 cloak (worn)
Jewellery
 a - a ring of positive energy
 k - an amulet of regeneration
 l - a ring of protection from fire
 G - a ring of see invisible
 I - the ring of Ruobleru (right hand) {rElec Str+2 Dex+6}
   (You bought it in a shop on level 2 of the Orcish Mines)

   [ring of dexterity]

   Str+2:     It affects your strength (+2).
   Dex+6:     It affects your dexterity (+6).
   rElec:     It insulates you from electricity.
 K - a ring of positive energy
 O - a +5 ring of evasion (left hand)
 Q - an amulet of reflection (around neck)
 U - a ring of poison resistance
Wands
 z - a wand of roots (34)
 F - a wand of mindburst (17)
 L - a wand of paralysis (17)
 S - a wand of flame (39)
Scrolls
 e - 2 scrolls of identify
 g - 3 scrolls of teleportation
 u - 6 scrolls of poison
 w - 6 scrolls of amnesia
 x - a scroll of silence
 y - 7 scrolls of noise
 M - 5 scrolls of enchant armour
 R - a scroll of vulnerability
 Z - 4 scrolls of immolation
Potions
 f - 5 potions of lignification
 h - 11 potions of curing
 r - 8 potions of cancellation
 B - 6 potions of enlightenment
 D - 2 potions of brilliance
 E - 5 potions of mutation
 N - a potion of resistance {unknown}
 T - 2 potions of attraction {unknown}
Miscellaneous
 Y - a phantom mirror


   Skills:
 + Level 17.5 Fighting
 - Level 18.0 Axes
 - Level 3.0 Throwing
 + Level 14.9 Armour
 - Level 14.0 Dodging
 + Level 11.0 Shields
 + Level 5.9 Unarmed Combat
 - Level 3.0 Evocations


You had 16 spell levels left.
You didn't know any spells.
Your spell library contained the following spells:

 Spells                   Type           Power      Damage    Failure   Level
 Apportation              Tloc           0%         N/A       43%         1
 Freeze                   Ice            0%         1d3       43%         1
 Magic Dart               Conj           0%         1d3       43%         1
 Necrotise                Necr           0%         1d4       43%         1
 Slow                     Hex            0%         N/A       43%         1
 Sting                    Conj/Alch      0%         1d3       43%         1
 Summon Small Mammal      Summ           0%         N/A       43%         1
 Call Imp                 Summ           0%         N/A       56%         2
 Cigotuvi's Dreadful Rot  Necr/Alch/Air  0%         N/A       56%         2
 Jinxbite                 Hex            0%         N/A       56%         2
 Mercury Vapours          Alch/Air       0%         N/A       56%         2
 Searing Ray              Conj           0%         2d4       56%         2
 Static Discharge         Conj/Air       0%         3-3/arc   56%         2
 Sublimation of Blood     Necr           0%         N/A       56%         2
 Call Canine Familiar     Summ           0%         N/A       80%         3
 Confusing Touch          Hex            0%         N/A       80%         3
 Dazzling Flash           Conj/Hex       0%         N/A       80%         3
 Frozen Ramparts          Ice            0%         1d1       80%         3
 Fugue of the Fallen      Necr           0%         N/A       80%         3
 Hailstorm                Conj/Ice       0%         3d5       80%         3
 Inner Flame              Hex/Fire       0%         N/A       80%         3
 Mephitic Cloud           Conj/Alch/Air  0%         N/A       80%         3
 Ozocubu's Armour         Ice            0%         N/A       80%         3
 Summon Ice Beast         Ice/Summ       0%         N/A       80%         3
 Vampiric Draining        Necr           0%         2d6       80%         3
 Airstrike                Air            0%         2d(0-16)  99%         4
 Dispel Undead            Necr           0%         3d6       99%         4
 Flame Wave               Conj/Fire      0%         2d4       99%         4
 Fulminant Prism          Conj/Alch      0%         3d5       99%         4
 Ignite Poison            Fire/Alch      0%         N/A       99%         4
 Martyr's Knell           Necr/Summ      0%         N/A       99%         4
 Olgreb's Toxic Radiance  Alch           0%         N/A       99%         4
 Sticky Flame             Fire/Alch      0%         2d4       99%         4
 Summon Blazeheart Golem  Fire/Summ      0%         N/A       99%         4
 Summon Lightning Spire   Summ/Air       0%         N/A       99%         4
 Arcjolt                  Conj/Air       0%         1d10      100%        5
 Curse of Agony           Necr           0%         N/A       100%        5
 Freezing Cloud           Conj/Ice/Air   0%         6-21      100%        5
 Iskenderun's Battlesphe  Conj           0%         2d6       100%        5
 Metabolic Englaciation   Hex/Ice        0%         N/A       100%        5
 Silence                  Hex/Air        0%         N/A       100%        5
 Summon Mana Viper        Hex/Summ       0%         N/A       100%        5
 Yara's Violent Unravell  Hex/Alch       0%         3d3       100%        5
 Bombard                  Conj/Erth      0%         9d1       100%        6
 Plasma Beam              Fire/Air       0%         2x1d10    100%        6
 Enfeeble                 Hex            0%         N/A       100%        7
 Manifold Assault         Tloc           0%         N/A       100%        7
 Monstrous Menagerie      Summ           0%         N/A       100%        7
 Spellforged Servitor     Conj/Summ      0%         N/A       100%        7
 Summon Hydra             Summ           0%         N/A       100%        7


Dungeon Overview and Level Annotations

Branches:
Dungeon (15/15)            Temple (1/1) D:7            Lair (5/5) D:11
 Shoals (4/4) Lair:2        Snake (2/4) Lair:2        Slime (0/5) Lair:4
    Orc (2/2) D:9             Elf (2/3) Orc:2        Vaults (0/5) D:13
 Depths (0/4) D:15        Ossuary (visited)

Altars:
Ashenzari
Cheibriados
Dithmenos
Elyvilon
Fedhas
Gozag
Hepliaklqana
Kikubaaqudgha
Makhleb
Nemelex Xobeh
Okawaru
Qazlal
Ru
Sif Muna
Trog
Uskayaw
Vehumet
Wu Jian
Xom
Yredelemnul
Zin
The Shining One
Beogh
Ignis
Jiyva
Lugonu

Shops:
D:5 (   D:11 [   Orc:2 ?*(=   Elf:2 (=   Lair:3 (   Lair:5 (   Shoals:1 (
Shoals:2 *

Portals:
Pandemonium: Orc:2
Trove: Elf:2 (give 16 potions of curing)

Annotations:
D:9 2 runed translucent doors
D:13 1 runed translucent door, kd29's ghost, journeyman TrSh
Lair:4 2 transporters, Teoch's ghost, journeyman DECj


Innate Abilities, Weirdness & Mutations

Your spellcasting is much less encumbered by armour.
You can use scrolls of enchantment on lesser artefacts.
You occasionally shout uncontrollably at your foes.


Message History

The merfolk impaler completely misses you.
The merfolk impaler hits you from afar with a +1 trident of venom.
* * * LOW HITPOINT WARNING * * *
The cherub sings a powerful hymn!
The angel goes into a battle-frenzy!
The merfolk is distracted by your dazzling golden aura.
The merfolk siren chants a haunting song.
You resist with almost no effort. The merfolk impaler misses you.
The water nymph points at you and mumbles some strange words.
The water rises up and strikes you!!
* * * LOW HITPOINT WARNING * * *
The merfolk shouts!
You need at least 400 gold to purchase potions right now!
You slash the cherub!
You kill the cherub!
You slash the merfolk javelineer! You burn the merfolk javelineer.
The merfolk javelineer is no longer distracted by gold.
The merfolk is no longer distracted by gold.
The merfolk impaler closely misses you.
The merfolk javelineer is distracted by your dazzling golden aura.
The snapping turtle is distracted by your dazzling golden aura.
Okay, then.
Okay, then.
Okay, then.
Okay, then.
As you read the scroll of teleportation, it crumbles to dust.
You feel strangely unstable.
The snapping turtle is no longer distracted by gold.
The merfolk impaler misses you.
The water nymph is distracted by your dazzling golden aura.
The merfolk impaler is distracted by your dazzling golden aura.
The merfolk throws a boomerang.
The boomerang closely misses you. The merfolk impaler misses you.
The snapping turtle hisses angrily.
The merfolk siren chants a haunting song.
You resist with almost no effort. The merfolk impaler misses you.
The snapping turtle is distracted by your dazzling golden aura.
The merfolk impaler hits you from afar with a +1 trident of venom!
You die...
Your body crumbles into a pile of gold.

#.............≈
...P.........~≈
..P...P....P.~
#### ....PP.PP.#
#...###.P......##
......##......$.##
#ß..k#.~....E..#
##...m##$~...m~~#
#_..Am$$$m~.m~t@#
##.mkm##.Akmmm$~#
~#ßmm.#P....A.m$#
~~~m~A##........##
#~~~###...$....##
#### ...P.P....#
......P.....~
...........~P
....P


You could see an angel (strong), 3 merfolk impalers, a cherub, a merfolk
javelineer (unaware), a snapping turtle (unaware), a wind drake (repels
missiles), a merfolk, a water elemental, a merfolk siren and a water nymph
(unaware).

Vanquished Creatures
  Saint Roka (Elf:2)
  Jorgrun (Orc:1)
  A deep elf blademaster (Elf:2)
  Frances (D:12)
  Kirke (Lair:2)
  Nessos (D:12)
  A dire elephant (D:15)
  2 merfolk javelineers
  Snorg (Lair:3)
  7 merfolk impalers
  A fire dragon (Lair:5)
  Erolcha (D:12)
  A great orb of eyes (D:15)
  5 hydras
  Harold (D:9)
  4 anacondas
  A death knight (D:15)
  An alligator snapping turtle (Shoals:1)
  A merfolk avatar (Shoals:3)
  5 centaur warriors
  4 merfolk aquamancers (Shoals:4)
  A boulder beetle (D:12)
  3 death yaks (Lair:5)
  3 ogre magi
  3 demonspawn (Orc:2)
  19 two-headed ogres
  16 dancing weapons
  2 satyrs (Shoals:3)
  Urug (D:12)
  6 orc high priests (Orc:2)
  3 naga warriors (Snake:1)
  3 shock serpents
  Nergalle (Orc:1)
  A naga sharpshooter (Snake:1)
  2 skysharks (Shoals:1)
  A fire crab (Lair:5)
  8 sea snakes
  A cherub (Shoals:4)
  10 deep elf knights
  4 deep elf archers
  3 skeletal warriors (D:15)
  2 naga ritualists (Snake:1)
  3 mana vipers (Snake:1)
  An arcanist (D:13)
  14 harpies
  A thermic dynamo (Elf:2)
  4 orc knights (Orc:2)
  15 deep elf zephyrmancers
  15 deep elf pyromancers
  7 orc sorcerers
  24 ugly things
  9 fauns
  5 cyclopes
  15 manticores
  4 salamanders
  A wolf spider (D:15)
  A kobold blastminer (Orc:2)
  5 merfolk sirens
  3 meliai (D:13)
  12 elephants
  5 naga magi
  Joseph (D:8)
  A torpor snail (Lair:2)
  3 guardian serpents
  4 water nymphs
  15 black mambas
  2 molten gargoyles (Lair:5)
  13 cane toads
  A kobold demonologist (D:13)
  3 yaktaurs (D:13)
  4 rime drakes
  2 efreet (D:13)
  16 komodo dragons
  20 merfolk
  3 polar bears
  An ice devil (Orc:2)
  A red devil (Orc:2)
  9 trolls
  2 wind drakes
  Prince Ribbit (D:9)
  22 blink frogs
  7 snapping turtles
  4 dream sheep
  3 air elementals
  6 water elementals
  4 slime creatures (D:13)
  A ynoxinul (Orc:2)
  A yak (shapeshifter) (Elf:1)
  A vampire (D:10)
  7 wyverns
  46 yaks
  4 basilisks
  A fire elemental (Elf:2)
  2 hogs (Lair:2)
  2 steam dragons
  A warg (D:9)
  4 vampire mosquitoes
  Edmund (D:4)
  8 nagas
  4 hell hounds (Lair:5)
  2 acid dragons
  5 water moccasins
  2 black bears (D:7)
  26 orc warriors
  An ice beast (D:6)
  3 sky beasts
  14 wolves
  8 centaurs
  12 ogres
  5 kobold brigands
  3 elf zombies (Ossuary)
  3 gnoll sergeants
  6 bullfrogs
  An earth elemental (Elf:1)
  2 scorpions
  4 wights
  29 killer bees
  An electric eel (Lair:3)
  2 howler monkeys (D:9)
  5 lava snakes (Lair:5)
  21 orc priests
  5 gnoll boudas
  4 hounds
  Jessica (D:2)
  2 human zombies (Ossuary)
  3 sleepcaps
  7 iguanas
  14 orc wizards
  6 hound zombies (Ossuary)
  2 mummies (Ossuary)
  36 gnolls
  7 adders
  A shadow imp (D:5)
  2 white imps
  2 ufetubi (D:5)
  5 adder zombies (Ossuary)
  4 dart slugs
  43 orcs
  6 bats
  5 endoplasms
  3 giant cockroaches (D:1)
  10 goblins
  9 hobgoblins
  5 jackals
  6 quokkas
  15 ball pythons
  10 frilled lizards
  4 gnoll zombies (Ossuary)
  8 jackal zombies (Ossuary)
  23 kobolds
  3 kobold zombies (Ossuary)
  5 orc zombies (Ossuary)
  6 rats
927 creatures vanquished.

Vanquished Creatures (collateral kills)
  Rupert (Orc:2)
  A merfolk siren (Shoals:4)
2 creatures vanquished.

Vanquished Creatures (others)
  2 humans (Snake:1)
  An ogre (D:13)
3 creatures vanquished.

Grand Total: 932 creatures vanquished

Notes
Turn   | Place    | Note
-------+----------+-------------------------------------------
     0 | D:1      | Bediveer the Mountain Dwarf Fighter began the quest for the
                  | Orb.
     0 | D:1      | Reached XP level 1. HP: 19/19 MP: 1/1
   166 | D:1      | Reached skill level 3 in Axes
   190 | D:1      | Reached XP level 2. HP: 26/26 MP: 2/2
   461 | D:1      | Reached XP level 3. HP: 33/33 MP: 3/3
   492 | D:1      | Reached skill level 4 in Axes
  1078 | D:2      | Reached XP level 4. HP: 40/40 MP: 4/4
  1374 | D:2      | Noticed Jessica
  1386 | D:2      | Killed Jessica
  1387 | D:2      | Reached skill level 5 in Axes
  1926 | D:3      | Found a faded altar of an unknown god.
  1939 | D:3      | Reached XP level 5. HP: 38/47 MP: 5/5
  2337 | D:4      | Noticed Edmund
  2358 | D:4      | Killed Edmund
  2359 | D:4      | Reached skill level 5 in Fighting
  2359 | D:4      | Reached skill level 6 in Axes
  2359 | D:4      | Reached XP level 6. HP: 40/56 MP: 6/6
  2763 | D:4      | Noticed a sky beast
  2788 | D:4      | Killed a sky beast
  2789 | D:4      | Reached skill level 7 in Axes
  3354 | D:5      | Entered Level 5 of the Dungeon
  3413 | D:5      | Reached XP level 7. HP: 62/62 MP: 7/7
  3577 | D:5      | Found Hierilew's Antique Weapon Shoppe.
  3582 | D:5      | Bought a runed war axe for 123 gold pieces
  3671 | D:5      | Reached skill level 8 in Axes
  4224 | D:5      | Bought an iridescent hand axe for 152 gold pieces
  4224 | D:5      | Identified the +8 hand axe of the Evil Eye {freeze, Int+5}
                  | (You bought it in a shop on level 5 of the Dungeon)
  4435 | D:6      | Found a sand-covered staircase.
  4449 | Ossuary  | Entered an ossuary
  4464 | Ossuary  | Reached XP level 8. HP: 67/70 MP: 8/8
  4585 | Ossuary  | Reached skill level 9 in Axes
  4816 | D:6      | Reached skill level 5 in Armour
  4816 | D:6      | Reached skill level 5 in Shields
  5188 | D:7      | Reached skill level 10 in Axes
  5193 | D:7      | Reached XP level 9. HP: 79/79 MP: 9/9
  5485 | D:7      | Found a staircase to the Ecumenical Temple.
  5500 | D:7      | Reached skill level 11 in Axes
  5509 | Temple   | Entered the Ecumenical Temple
  5765 | Temple   | Became a worshipper of Gozag Ym Sagoz the Greedy
  6163 | D:8      | Noticed Joseph
  6183 | D:8      | Killed Joseph
  6184 | D:8      | Reached skill level 12 in Axes
  6184 | D:8      | Reached XP level 10. HP: 67/89 MP: 10/10
  6231 | D:8      | Noticed a two-headed ogre
  6241 | D:8      | Killed a two-headed ogre
  6297 | D:8      | Identified the +7 morningstar "Gram" {freeze, rCorr Dex+4}
  6459 | D:8      | Noticed a two-headed ogre
  6469 | D:8      | Killed a two-headed ogre
  6830 | D:9      | Found a large runed translucent door.
  6841 | D:9      | Found a large runed translucent door.
  6846 | D:9      | Found a shimmering altar of Xom.
  6847 | D:9      | Noticed a red ugly thing
  6888 | D:9      | Found a staircase to the Orcish Mines.
  6904 | D:9      | Reached skill level 13 in Axes
  6959 | D:9      | Identified the +10 dagger of the Kissing Fulmar {chaos,
                  | rC+}
  6959 | D:9      | Identified the +2 robe of Cynicism {Dex+2 Stlth+}
  7024 | D:9      | Noticed Harold
  7047 | D:9      | Killed Harold
  7514 | D:9      | Noticed Prince Ribbit
  7521 | D:9      | Killed Prince Ribbit
  7546 | D:9      | Reached XP level 11. HP: 88/97 MP: 11/11
  7833 | D:10     | Entered Level 10 of the Dungeon
  8046 | D:10     | Reached skill level 14 in Axes
  8196 | D:10     | Found the +1 robe of Vines {NoPotionHeal Regen++++}
  8203 | D:10     | Noticed a five-headed hydra
  8473 | D:10     | Reached skill level 10 in Fighting
  8811 | D:10     | Killed an 11-headed hydra
  9090 | D:11     | Found a staircase to the Lair.
  9112 | D:11     | Noticed a two-headed ogre
  9122 | D:11     | Killed a two-headed ogre
  9256 | D:11     | Noticed a two-headed ogre
  9258 | D:11     | Noticed a white ugly thing
  9271 | D:11     | Killed a two-headed ogre
  9281 | D:11     | Killed a white ugly thing
  9307 | D:11     | Identified the +11 long sword "Nohal" {drain, Stlth+}
  9316 | D:11     | Noticed a two-headed ogre
  9325 | D:11     | Killed a two-headed ogre
  9326 | D:11     | Reached skill level 10 in Armour
  9380 | D:11     | Noticed a two-headed ogre
  9389 | D:11     | Killed a two-headed ogre
  9660 | D:11     | Bought a masterwork ring mail for 234 gold pieces
  9660 | D:11     | Identified the +4 ring mail of the Imbibing Gods {rF- rCorr
                  | MP+9} (You bought it in a shop on level 11 of the Dungeon)
 10210 | Lair:1   | Entered Level 1 of the Lair of Beasts
 10304 | Lair:1   | Found a stormy altar of Qazlal.
 10543 | Lair:1   | Identified the +1 trident of Verdant Tortfeasance {heavy,
                  | rC+ Str+2}
 10571 | Lair:1   | Reached XP level 12. HP: 104/112 MP: 12/12
 11176 | Lair:2   | Noticed a seven-headed hydra
 11187 | Lair:2   | Killed a seven-headed hydra
 11393 | Lair:2   | Found a staircase to the Shoals.
 11441 | Lair:2   | Found a staircase to the Snake Pit.
 11904 | Lair:2   | Reached skill level 1 in Evocations
 11907 | Lair:2   | Reached skill level 1 in Throwing
 11913 | Lair:2   | Reached skill level 1 in Dodging
 12296 | Lair:3   | Noticed Snorg
 12316 | Lair:3   | Killed Snorg
 12348 | Lair:3   | Bought a pitted war axe for 238 gold pieces
 12348 | Lair:3   | Identified the +0 war axe "Askouxze" {flame, rF+ Str+2}
                  | (You bought it in a shop on level 3 of the Lair of Beasts)
 12585 | Lair:3   | Reached XP level 13. HP: 117/124 MP: 13/13
 12689 | Lair:3   | You fall into a shaft and drop 2 floors!
 12689 | Lair:5   | Entered Level 5 of the Lair of Beasts
 13237 | Lair:3   | Got the Handbook of Spicy Conduction
 13495 | Lair:4   | Noticed Teoch's ghost (journeyman DECj)
 13498 | Lair:4   | Found a transporter.
 13501 | Lair:4   | Found a transporter.
 13819 | Lair:4   | Reached skill level 15 in Fighting
 14025 | Lair:4   | Reached skill level 15 in Axes
 14077 | Lair:4   | Found a viscous altar of Jiyva.
 14077 | Lair:4   | Found a staircase to the Slime Pits.
 14713 | Lair:5   | Reached skill level 16 in Axes
 14809 | Lair:5   | Noticed a fire dragon
 14814 | Lair:5   | Found a large runed translucent door.
 14814 | Lair:5   | Found a large runed translucent door.
 14897 | Lair:5   | Reached XP level 14. HP: 75/135 MP: 14/14
 15156 | Lair:5   | Reached skill level 5 in Dodging
 15897 | Orc:1    | Entered Level 1 of the Orcish Mines
 15899 | Orc:1    | Noticed Jorgrun
 15942 | Orc:1    | Killed Jorgrun
 16250 | Orc:2    | Entered Level 2 of the Orcish Mines
 16348 | Orc:2    | Found a flickering gateway to a bazaar.
 16358 | Bazaar   | Entered a bazaar
 16358 | Bazaar   | Found Cehoxoc's Distillery.
 16358 | Bazaar   | Found Ifufim Ysulu's Armour Shop.
 16358 | Bazaar   | Found Denuez's General Store.
 16358 | Bazaar   | Found Nixtifoy's Book Shop.
 16387 | Bazaar   | Found Benn's Magic Scroll Shoppe.
 16387 | Bazaar   | Found Liavy's Antique Armour Boutique.
 16406 | Bazaar   | Bought the +0 helmet of Good Intentions {rElec Slay+3} for
                  | 404 gold pieces
 16427 | Bazaar   | Bought a scroll of blinking for 67 gold pieces
 16427 | Bazaar   | Bought a scroll of blinking for 67 gold pieces
 16438 | Bazaar   | Bought a cloak for 72 gold pieces
 16448 | Bazaar   | Bought a scroll of summoning for 85 gold pieces
 16448 | Bazaar   | Bought a scroll of identify for 18 gold pieces
 16696 | Orc:1    | Noticed Nergalle
 16701 | Orc:1    | Killed Nergalle
 16945 | Orc:2    | Found Rujah's General Store.
 16947 | Orc:2    | Found Sinaitz's Magic Scroll Shop.
 17292 | Orc:2    | Bought a phantom mirror for 680 gold pieces
 17615 | Orc:2    | Noticed Rupert
 17618 | Orc:2    | Paralysed by Rupert for 3 turns
 17638 | Orc:2    | HP: 1/105 [Rupert/+2 great mace of draining (5)]
 17639 | Orc:2    | Killed Rupert
 17896 | Orc:2    | Found a staircase to the Elven Halls.
 18754 | Orc:2    | Found Kojetaerch's Jewellery Emporium.
 18754 | Orc:2    | Found Wiudgh's Antique Weapon Shoppe.
 18755 | Orc:2    | Found a one-way gate leading to the halls of Pandemonium.
 18772 | Orc:2    | Upgraded the game from 0.32-a0-918-g0f22ef8d61 to
                  | 0.32-a0-928-g1cae6b7ea0
 18896 | D:12     | Noticed Frances
 18904 | D:12     | Gained mutation: You occasionally shout uncontrollably at
                  | your foes. [a neqoxec]
 18908 | D:12     | Killed Frances
 18990 | D:12     | Noticed Nessos
 19011 | D:12     | Killed Nessos
 19300 | D:12     | Noticed Erolcha
 19308 | D:12     | Killed Erolcha
 19535 | D:12     | Reached XP level 15. HP: 144/144 MP: 15/15
 19666 | D:12     | Noticed Urug
 19684 | D:12     | Killed Urug
 20303 | D:13     | Reached skill level 10 in Dodging
 20567 | D:13     | Found a gate to the Vaults.
 20766 | D:13     | Found a runed translucent door.
 20767 | D:13     | Found a shimmering altar of Xom.
 20767 | D:13     | Noticed kd29's ghost (journeyman TrSh)
 21124 | D:13     | Identified the +5 longbow of Precise Incision {freeze, rC-
                  | Will++ Str+2 Stlth+}
 21984 | D:14     | Identified a scroll of acquirement
 21985 | D:14     | Acquired the +0 broad axe of Experimentation {flame, rC+
                  | SInv Stlth+}
 22362 | D:15     | Entered Level 15 of the Dungeon
 22567 | D:15     | Identified the staff "Elapib" {*Corrode rC+ Dex+3 Fire Ice
                  | Alchemy}
 22641 | D:15     | Found a stormy altar of Qazlal.
 22761 | D:15     | Reached skill level 17 in Axes
 23146 | D:15     | Found a staircase to the Depths.
 23430 | Shoals:1 | Entered Level 1 of the Shoals
 23546 | Shoals:1 | Reached XP level 16. HP: 117/151 MP: 16/16
 24162 | Shoals:1 | Reached skill level 18 in Axes
 24264 | Shoals:1 | HP: 7/151 [merfolk javelineer/silver javelin (1)]
 24423 | Shoals:1 | Identified the +0 shortbow of Ecegh {antimagic, rC+}
 24919 | Shoals:1 | Bought 2 curare-tipped darts for 26 gold pieces
 25282 | Shoals:2 | Found Mig Pyn's Island Escapes.
 25364 | Shoals:2 | Identified the +0 shortbow of Fotzehem {freeze, Dex+2}
 25669 | Orc:2    | Bought the ring of Ruobleru {rElec Str+2 Dex+6} for 867
                  | gold pieces
 26749 | Shoals:2 | Identified the +4 dagger of Polocimm {freeze, rC+}
 28136 | Shoals:4 | Entered Level 4 of the Shoals
 28156 | Shoals:3 | Acquired the -2 hat of the Alchemist {rElec rPois rF+ rC+
                  | rN+ Will+ rMut rCorr}
 28156 | Shoals:3 | Found the -2 hat of the Alchemist {rElec rPois rF+ rC+ rN+
                  | Will+ rMut rCorr}
 28249 | Snake:1  | Entered Level 1 of the Snake Pit
 28249 | Snake:1  | Noticed Kirke
 28284 | Lair:2   | Killed Kirke
 28370 | Lair:2   | HP: 7/152 [poisoned by a naga ritualist (toxic radiance)]
 29240 | Snake:1  | Reached skill level 1 in Unarmed Combat
 29326 | Snake:1  | You fall into a shaft and drop 1 floor!
 29366 | Snake:2  | Found an iron altar of Okawaru.
 29528 | Snake:2  | Reached XP level 17. HP: 131/159 MP: 17/17
 30544 | Elf:1    | Entered Level 1 of the Elven Halls
 31882 | Elf:1    | Paralysed by an air elemental for 1 turns
 32577 | Elf:2    | Found Qetwe Vene's Jewellery Boutique.
 32948 | Elf:2    | Reached skill level 10 in Shields
 33030 | Elf:2    | Found a portal to a secret trove of treasure.
 33618 | Elf:2    | Noticed Saint Roka
 33658 | Elf:2    | Killed Saint Roka
 34038 | Elf:2    | Identified the +2 pair of boots of Bysm {Fly Int+2}
 34169 | Elf:2    | Found a runed translucent gate.
 34170 | Elf:2    | Found a runed translucent gate.
 34170 | Elf:2    | Found a runed translucent gate.
 34502 | Elf:2    | Reached skill level 5 in Unarmed Combat
 34935 | Elf:2    | Noticed a deep elf blademaster
 34950 | Elf:2    | Killed a deep elf blademaster
 35766 | Elf:2    | HP: 4/161 [+3 battleaxe of venom (17)]
 36998 | Shoals:4 | Found a white marble altar of Elyvilon.
 37030 | Shoals:4 | Identified the +1 mace "Etwopnyo" {heavy, rPois Will+ rCorr
                  | Int+2}
 37333 | Shoals:4 | HP: 8/162 [water nymph/the raging water (18)]
 37336 | Shoals:4 | Slain by a merfolk impaler

Illustrated notes

Levels and vault maps discovered:
D:1:      ncdulo_wetmaze, layout_loops_ring, minmay_vboxes
D:2:      layout_rooms, minmay_misc_feat_doors, minmay_circled_x, uniq_jessica
D:3:      layout_basic, serial_glass, glass_columns_c, glass_columns_a,
          minmay_strange_pillars, feat_on_display,
          ebering_ecumenical_altar_abandoned, minmay_diced_spiral
D:4:      layout_cave_pools, minivault_4, minmay_snake_closets, uniq_edmund
D:5:      layout_loops_ring, serial_shops, shop
D:6:      layout_rooms, nicolae_ossuary_entry_ruins,
          amcnicky_mini_corridor_feature
D:7:      layout_basic, minmay_temple_entry_statues_pillars, minmay_bent
D:8:      layout_basic, uniq_joseph
D:9:      due_chaos_kobolds, layout_gridville, minmay_orc_entry_guard_dogs,
          minmay_misc_feat_columns, st_stairs_8, minmay_lizard_king,
          uniq_prince_ribbit1, uniq_harold
D:10:     layout_stronghold, hellmonk_guarded_unrand_vines
D:11:     layout_stronghold, lair_entry_dummy, nicolae_zig_zag_zippers
D:12:     layout_stronghold, uniq_urug, uniq_erolcha, uniq_nessos, uniq_frances
D:13:     layout_long_grid, hangedman_vaults_entry_quadrant_bands,
          serial_co_window_serial, co_window_paths_a, co_window_paths_b,
          co_window_paths_a, co_window_paths_a, co_window_paths_a,
          co_window_of_opportunity_b, co_window_cross_3, co_window_cross_3,
          co_window_cross_2, co_window_unsneaky_path_b, co_window_4corner_a,
          co_window_paths_e, glass_columns_b, glass_columns_a, glass_columns_a,
          glass_columns_a, glass_columns_a, ebering_ghost_xom
D:14:     layout_gridville, minmay_quadrilaterals
D:15:     hangedman_depths_entry_try_elsewhere_first, layout_rooms,
          grunt_qazlal_clouds
Temple:   hellmonk_choose_your_character
Lair:1:   layout_cave_pods, basic_altar
Lair:2:   layout_cave_pods, nicolae_shoals_entry_roost, dummy_snake_entry
Lair:3:   layout_big_grid, beast_lair_carwin_5, infiniplex_staircase_pool,
          uniq_snorg
Lair:4:   layout_hall_layers, dpeg_slime_entry_enclosed, gammafunk_ghost_hive
Lair:5:   cheibrodos_lair_end_hotspot, layout_gridlike, serial_bayou_shore_a
Shoals:1: layout_shoals, nicolae_shoals_pincushion_passage
Shoals:2: layout_shoals, nicolae_island_escapes
Shoals:3: layout_shoals, nicolae_shoals_lost_giant_hut, abandoned_shop
Shoals:4: shoals_end_hellmonk_holy_island
Snake:1:  layout_grid_shapes, grunt_megastairs_5, uniq_kirke
Snake:2:  layout_basic, basic_altar
Orc:1:    layout_diamond_mine, uniq_fannar, uniq_jorgrun, uniq_nergalle
Orc:2:    pf_orc_diabolical, layout_caves, serial_shops, bzr_entry_islet,
          uniq_rupert
Elf:1:    eino_elf_arrival_customs, layout_loops_corners,
          nicolae_elf_crossing_hall
Elf:2:    nicolae_elf_blades_crystal_corner, layout_loops_cross, enter_trove_3,
          serial_shops, shop, uniq_saint_roka

Skill      XL: |  1  2  3  4  5  6  7  8  9 10 11 12 13 14 15 16 17 |
---------------+----------------------------------------------------+-----
Axes           | 3 4 5 6 7 8 10 12 13 14 16 17 18 | 18.0
Fighting       | 4 5 6 7 8 9 12 14 15 16 17 | 17.5
Armour         | 4 5 6 8 11 13 14 | 14.9
Shields        | 4 5 6 8 9 11 | 11.0
Evocations     | 2 3 |  3.0
Throwing       | 2 3 |  3.0
Dodging        | 1 4 9 12 14 | 14.0
Unarmed Combat | 1 5 |  5.9

Action                     |  1- 3 |  4- 6 |  7- 9 | 10-12 | 13-15 | 16-18 || total
---------------------------+-------+-------+-------+-------+-------+-------++-------
  Melee: War axe           |   134 |   181 |    98 |       |  1006 |       ||  1419
         Hand axe          |       |       |   311 |   574 |    90 |       ||   975
         Morningstar       |       |       |       |    23 |     4 |       ||    27
         Broad axe         |       |       |       |       |   261 |  1156 ||  1417
  Throw: Boomerang         |       |     1 |       |       |       |     5 ||     6
         Dart              |       |       |       |    20 |    14 |     9 ||    43
         Throwing net      |       |       |       |       |     2 |       ||     2
 Invoke: Call Merchant     |       |       |       |     2 |     1 |     2 ||     5
         Potion Petition   |       |       |       |       |       |     2 ||     2
  Evoke: Wand              |       |       |       |     5 |    11 |       ||    16
         Phantom mirror    |       |       |       |       |     1 |       ||     1
    Use: Scroll            |     1 |     9 |     3 |     5 |    16 |    17 ||    51
         Potion            |       |       |     1 |     1 |    13 |    14 ||    29
   Stab: Distracted        |       |       |     1 |     5 |     4 |     4 ||    14
         Invisible         |       |       |       |       |       |     1 ||     1
 Armour: Scale mail        |    86 |       |       |       |       |       ||    86
         Chain mail        |    30 |     3 |       |       |   438 |   874 ||  1345
         Plate armour      |       |   162 |   378 |   451 |   525 |       ||  1516
  Dodge: Dodged            |    52 |    38 |   101 |   199 |   742 |   664 ||  1796
  Block: Buckler           |    27 |    40 |    75 |   119 |   282 |   383 ||   926
         Reflection        |       |       |       |       |       |    16 ||    16

Table legend: (Time is in decaauts)
 A = Elapsed time spent in this place.
 B = Non-inter-level travel time spent in this place.
 C = Inter-level travel time spent in this place.
 D = Time resting spent in this place.
 E = Time spent auto-exploring this place.
 F = Levels seen in this place.
 G = Mean time per level.
                   A        B        C        D        E       F      G
               +--------+--------+--------+--------+--------+-----+--------+
         Total |  36788 |  33970 |   2818 |   3892 |  23785 |  33 | 1114.8 |
       Dungeon |  14600 |  13530 |   1070 |    396 |  10735 |  15 |  973.3 |
        Temple |     71 |      3 |     68 |      0 |      0 |   1 |   71.0 |
          Lair |   5896 |   5423 |    473 |    124 |   4384 |   5 | 1179.2 |
        Shoals |   5017 |   4575 |    442 |    942 |   2663 |   4 | 1254.2 |
     Snake Pit |   1874 |   1776 |     98 |    328 |   1068 |   2 |  937.0 |
  Orcish Mines |   2874 |   2501 |    373 |    302 |   1540 |   2 | 1437.0 |
   Elven Halls |   6103 |   5812 |    291 |   1800 |   3251 |   2 | 3051.5 |
        Bazaar |    100 |    100 |      0 |      0 |     45 |   1 |  100.0 |
       Ossuary |    250 |    250 |      0 |      0 |     98 |   1 |  250.0 |
               +--------+--------+--------+--------+--------+-----+--------+

Top non-repeatable levels by time:
   Elf:1: 3550 daAuts
   Elf:2: 2553 daAuts
   Orc:2: 2375 daAuts
Shoals:1: 1846 daAuts
  Lair:5: 1770 daAuts
Shoals:2: 1728 daAuts
  Lair:2: 1589 daAuts
 Snake:1: 1583 daAuts
    D:11: 1388 daAuts
Shoals:3: 1369 daAuts
    D:13: 1267 daAuts
    D:12: 1260 daAuts
     D:9: 1233 daAuts
     D:4: 1206 daAuts
    D:10: 1121 daAuts
